 Dungeon Crawl Stone Soup version 0.18.1-50-g88ac8fd (webtiles) character file.

1257 toast the Chopper (level 8, 0/71 HPs)
             Began as a Minotaur Fighter on Feb 23, 2017.
             Succumbed to a worker ant's poison
             ... on level 5 of the Dungeon.
             The game lasted 00:10:36 (2908 turns).

toast the Chopper (Minotaur Fighter)                Turns: 2908, Time: 00:10:37

Health: 0/71       AC: 10    Str: 24    XL:     8   Next: 27%
Magic:  7/7        EV:  8    Int:  5    God:
Gold:   195        SH: 10    Dex:  9    Spells: 0 memorised, 7 levels left

rFire  . . .     SeeInvis .     a - +0 war axe
rCold  . . .     Gourm    .     b - +0 scale mail
rNeg   . . .     Faith    .     c - +0 shield
rPois  +         Spirit   .     (helmet restricted)
rElec  .         Dismiss  .     w - +1 cloak
rCorr  .         Reflect  .     (no gloves)
SustAt .         Harm     .     (no boots)
MR     .....                    (no amulet)
Stlth  ..........               C - ring of poison resistance
                                e - ring of wizardry

@: lethally poisoned (0 -> -1), not resistant to hostile enchantments, extremely
unstealthy
A: retaliatory headbutt, horns 2
a: no special abilities


You were on level 5 of the Dungeon.
You were not hungry.

You visited 1 branch of the dungeon, and saw 5 of its levels.

You collected 195 gold pieces.

Inventory:

Hand Weapons
 a - a +0 war axe (weapon)
 v - a +0 mace of protection
Armour
 b - a +0 scale mail (worn)
 c - a +0 shield (worn)
 w - a +1 cloak (worn)
Jewellery
 e - a ring of wizardry (left hand)
 C - a ring of poison resistance (right hand)
Wands
 u - a wand of hasting (8/9)
 F - a wand of digging (6/24)
Scrolls
 h - 7 scrolls of identify
 j - 4 scrolls of teleportation
 l - a scroll of enchant weapon {unknown}
 m - a scroll of immolation {unknown}
 x - a scroll of remove curse
 y - 2 scrolls of recharging
 z - 2 scrolls of enchant armour
 E - a scroll of magic mapping
Potions
 d - a potion of might
 g - a potion of mutation {unknown}
 n - 2 potions of flight {unknown}
 o - a potion of heal wounds
 s - a potion of curing
 t - 2 potions of cancellation
 B - a potion of magic
Books
 q - a book of Spatial Translocations

   Spells                             Type                      Level
   a - Apportation                    Translocation                1
   b - Blink                          Translocation                2
   c - Shroud of Golubria             Charms/Translocation         2
   d - Portal Projectile              Translocation                3
   e - Teleport Other                 Translocation                3
   f - Passage of Golubria            Translocation                4
Comestibles
 f - 5 bread rations
 i - 3 slices of pizza
 k - 3 meat rations
 p - 8 chunks of flesh
 r - 3 fruits


   Skills:
 + Level 6.6 Fighting
 * Level 7.8 Axes
 + Level 6.5 Armour
 + Level 6.2 Shields


You had 7 spell levels left.
You didn't know any spells.

Dungeon Overview and Level Annotations

Branches:
Dungeon (5/15)
 Temple: D:4-7

Altars:
Cheibriados
Kikubaaqudgha
Nemelex Xobeh
Trog

Shops:
D:5 }

Annotations:
D:5 Svingen999's ghost, novice TrMo


Innate Abilities, Weirdness & Mutations

You reflexively headbutt those who attack you in melee.
You have a pair of horns on your head.


Message History

Unknown command.
You hit Svingen999's ghost but do no damage.
You headbutt Svingen999's ghost, but do no damage.
Svingen999's ghost is heavily damaged.
Svingen999's ghost hits you.
* * * LOW HITPOINT WARNING * * *
You slash Svingen999's ghost!
Svingen999's ghost is severely damaged.
You feel sick.
Svingen999's ghost hits you but does no damage.
You closely miss Svingen999's ghost.
Svingen999's ghost is severely damaged.
You block Svingen999's ghost's attack.
You hit Svingen999's ghost but do no damage.
Svingen999's ghost is severely damaged.
Svingen999's ghost hits you.
* * * LOW HITPOINT WARNING * * *
You hit Svingen999's ghost but do no damage.
Svingen999's ghost is severely damaged.
You die...

##.#.# #<# ## #..... #.# #
#..... #.# # ..._..###
######.## ##
......###.......## ##.
....##.........# ##..
#..##..# ##...# ##...
...##..##..###....###....
........W@...........+....
#....#..##..#......###....
##.. #..##..##.#...# ##...
## #..##....))...# ##..
...##.....)...# ##.
.#########.##### ## #. #.#
# # #.# # #.# ##


You could see Svingen999's ghost.

Vanquished Creatures
  Grinder (D:4)
  Sigmund (D:4)
  Menkaure (D:4)
  Duvessa (D:5)
  An ogre (D:4)
  A scorpion (D:5)
  Dowan (D:5)
  A crimson imp (D:5)
  A hound (D:4)
  2 orc wizards (D:5)
  Crazy Yiuf (D:2)
  A giant frog skeleton (D:5)
  Jessica (D:2)
  Ijyb (D:2)
  Natasha (thrice) (D:4)
  2 worker ants (D:5)
  2 hound skeletons (D:4)
  5 adders
  3 dart slugs
  5 giant geckos
  6 orcs
  2 ball pythons (D:2)
  2 bats (D:3)
  4 giant cockroaches
  8 goblins
  10 hobgoblins
  13 jackals
  12 kobolds
  A quokka (D:5)
  3 giant newts
  5 rats
101 creatures vanquished.

Notes
Turn   | Place    | Note
--------------------------------------------------------------
     0 | D:1      | toast the Minotaur Fighter began the quest for the Orb.
     0 | D:1      | Reached XP level 1. HP: 19/19 MP: 0/0
    30 | D:1      | Reached XP level 2. HP: 27/27 MP: 1/1
   134 | D:1      | Reached skill level 3 in Axes
   370 | D:1      | Reached XP level 3. HP: 32/33 MP: 2/2
   625 | D:2      | Noticed Jessica
   640 | D:2      | Killed Jessica
   696 | D:2      | Reached XP level 4. HP: 37/40 MP: 3/3
   856 | D:2      | Noticed Crazy Yiuf
   868 | D:2      | Killed Crazy Yiuf
   868 | D:2      | Reached skill level 4 in Axes
   937 | D:2      | Noticed Ijyb
   945 | D:2      | Killed Ijyb
  1000 | D:2      | Reached XP level 5. HP: 34/47 MP: 4/4
  1203 | D:3      | Found a sparkling altar of Nemelex Xobeh.
  1541 | D:3      | Found an ancient bone altar of Kikubaaqudgha.
  1919 | D:4      | Found a snail-covered altar of Cheibriados.
  2108 | D:4      | Noticed Menkaure
  2112 | D:4      | Noticed Grinder
  2114 | D:4      | Killed Menkaure
  2114 | D:4      | Reached skill level 5 in Fighting
  2114 | D:4      | Reached skill level 5 in Axes
  2114 | D:4      | Reached skill level 5 in Armour
  2114 | D:4      | Reached skill level 5 in Shields
  2114 | D:4      | Reached XP level 6. HP: 52/56 MP: 5/5
  2124 | D:4      | Noticed Natasha
  2126 | D:4      | Killed Natasha
  2128 | D:4      | Killed Grinder
  2128 | D:4      | Reached XP level 7. HP: 34/61 MP: 6/6
  2151 | D:4      | Noticed Natasha
  2154 | D:4      | Reached skill level 6 in Axes
  2157 | D:4      | Killed Natasha
  2389 | D:4      | Noticed Sigmund
  2396 | D:4      | Killed Sigmund
  2423 | D:4      | Noticed Natasha
  2429 | D:4      | Killed Natasha
  2453 | D:5      | Entered Level 5 of the Dungeon
  2501 | D:5      | Found Curphok's Gadget Boutique.
  2541 | D:5      | Reached skill level 7 in Axes
  2746 | D:5      | Noticed Duvessa
  2747 | D:5      | Noticed Dowan
  2762 | D:5      | Killed Dowan
  2762 | D:5      | Reached XP level 8. HP: 64/71 MP: 7/7
  2772 | D:5      | Killed Duvessa
  2878 | D:5      | Found a bloodstained altar of Trog.
  2878 | D:5      | Noticed Svingen999's ghost (novice TrMo)
  2907 | D:5      | HP: 1/71 [Svingen999's ghost (5)]
  2908 | D:5      | Succumbed to a worker ant's poison

Skill      XL: |  1  2  3  4  5  6  7 |
---------------+----------------------+-----
Axes           | 3 4 5 7 |  7.8
Armour         | 4 5 6 |  6.5
Fighting       | 4 5 6 |  6.6
Shields        | 4 5 6 |  6.2

Action                   |  1- 3 |  4- 6 |  7- 9 || total
-------------------------+-------+-------+-------++-------
Melee: War axe           |    54 |   150 |   129 ||   333
       Headbutt          |     4 |    18 |    23 ||    45
  Use: Potion            |       |     4 |     2 ||     6
       Scroll            |       |     2 |     6 ||     8
  Eat: Chunk             |       |     4 |     3 ||     7
Armor: Scale mail        |    25 |    53 |    41 ||   119
Dodge: Dodged            |    13 |    35 |    40 ||    88
Block: Shield            |    20 |    73 |    73 ||   166
